3104 views
Uploaded 2020-05-31 06:25:55
Game version 1.32.4 / 1.32.5
9:21 long 1on1 custom game on (2)LastRefuge
Game name "W3Champions-s1-10-94989"
Saved by Hackslayer
3104 views
Uploaded 2020-05-31 06:25:55
Game version 1.32.4 / 1.32.5
9:21 long 1on1 custom game on (2)LastRefuge
Game name "W3Champions-s1-10-94989"

/ 0.4k
12 buildings @ 2k
/ 0.8k


| Wisp | 11 | 660 | / | 0 |
| Archer | 2 | 260 | / | 20 |
| Dryad | 1 | 145 | / | 60 |
| Druid of the Claw | 3 | 765 | / | 240 |
| Forest Troll Shadow Priest | 2 | 390 | / | 20 |
| Forest Troll Berserker | 2 | 490 | / | 60 |
| total: | 21 | 2710g | / | 400w |
| Altar of Elders | 1 | 180 | / | 50 |
| Moon Well | 6 | 1080 | / | 240 |
| Ancient of War | 1 | 150 | / | 60 |
| Hunter's Hall | 1 | 210 | / | 100 |
| Ancient of Wonders | 1 | 90 | / | 30 |
| Ancient of Lore | 2 | 310 | / | 290 |
| Tree of Ages | 1 | 320 | / | 180 |
| Tree of Eternity | 1 | 330 | / | 200 |
| total: | 12 | 2020g | / | 770w |
| 0:00 | Wisp |
| 0:04 | Altar of Elders |
| 0:09 | Wisp |
| 0:15 | Moon Well |
| 0:16 | Wisp |
| 0:16 | Wisp |
| 0:34 | Ancient of War |
| 0:37 | Wisp |
| 0:47 | Wisp |
| 0:58 | Wisp |
| 0:59 | Wisp |
| 1:12 | Wisp |
| 1:34 | Moon Well |
| 1:37 | Moon Well |
| 1:37 | Archer |
| 1:43 | Wisp |
| 1:43 | Wisp |
| 2:44 | Tree of Ages |
| 2:46 | Moon Well |
| 3:08 | Mana Burn |
| 3:21 | Moon Well |
| 3:28 | Hunter's Hall |
| 4:03 | Archer |
| 4:35 | Forest Troll Shadow Priest |
| 4:35 | Forest Troll Shadow Priest |
| 4:35 | Forest Troll Berserker |
| 4:35 | Forest Troll Berserker |
| 5:01 | Evasion |
| 5:08 | Ancient of Lore |
| 5:09 | Ancient of Lore |
| 5:09 | Tree of Eternity |
| 6:01 | Mana Burn |
| 6:21 | Moon Well |
| 6:29 | Dryad |
| 6:30 | Druid of the Claw Adept Training |
| 7:15 | Entangling Roots |
| 7:37 | Druid of the Claw Master Training |
| 7:38 | Druid of the Claw |
| 7:56 | Ancient of Wonders |
| 8:16 | Druid of the Claw |
| 8:54 | Druid of the Claw |
| Select group | 939 |
| Right click | 638 |
| Select | 218 |
| Misc. action | 176 |
| Build/train/purchase | 50 |
| Assign group | 18 |
| Use ability | 15 |
| Esc | 2 |
24 units @ 2.1k
/ 0.1k
7 buildings @ 1.1k
/ 0.3k



| Staff of Preservation | 1 | 150 |
| Potion of Healing | 1 | 150 |
| Moonstone | 1 | 50 |
| Lesser Clarity Potion | 1 | 70 |
| Dust of Appearance | 1 | 75 |
| Scroll of Healing | 1 | 250 |
| Staff of Teleportation | 2 | 300 |
| Potion of Lesser Invulnerability | 1 | 150 |
| total: | 9 | 1195g |
| Wisp | 15 | 900 | / | 0 |
| Archer | 9 | 1170 | / | 90 |
| total: | 24 | 2070g | / | 90w |
| Altar of Elders | 1 | 180 | / | 50 |
| Moon Well | 4 | 720 | / | 160 |
| Ancient of War | 1 | 150 | / | 60 |
| Ancient of Wonders | 1 | 90 | / | 30 |
| Tree of Ages | 3 | 960 | / | 540 |
| Tree of Eternity | 2 | 660 | / | 400 |
| total: | 7 | 1140g | / | 300w |
| 0:01 | Wisp |
| 0:04 | Altar of Elders |
| 0:06 | Wisp |
| 0:17 | Moon Well |
| 0:23 | Ancient of War |
| 0:31 | Wisp |
| 0:38 | Wisp |
| 0:47 | Wisp |
| 0:48 | Wisp |
| 0:53 | Wisp |
| 0:53 | Wisp |
| 1:08 | Wisp |
| 1:25 | Archer |
| 1:35 | Moon Well |
| 1:38 | Wisp |
| 1:38 | Wisp |
| 1:44 | Wisp |
| 1:45 | Wisp |
| 2:03 | Wisp |
| 2:09 | Mana Burn |
| 2:33 | Moon Well |
| 2:48 | Wisp |
| 2:48 | Archer |
| 3:04 | Tree of Ages |
| 3:08 | Archer |
| 3:37 | Archer |
| 3:55 | Archer |
| 3:58 | Ancient of Wonders |
| 4:13 | Archer |
| 4:27 | Dust of Appearance |
| 4:43 | Archer |
| 4:48 | Evasion |
| 5:07 | Archer |
| 5:26 | Improved Bows |
| 5:40 | Frost Arrows |
| 5:59 | Staff of Preservation |
| 6:00 | Potion of Healing |
| 6:13 | Tree of Eternity |
| 6:30 | Mana Burn |
| 6:35 | Staff of Teleportation |
| 6:35 | Staff of Teleportation |
| 6:46 | Moon Well |
| 6:55 | Archer |
| 7:50 | Forked Lightning |
| 8:01 | Moonstone |
| 8:07 | Lesser Clarity Potion |
| 8:21 | Scroll of Healing |
| 8:22 | Potion of Lesser Invulnerability |
| 8:37 | Black Arrow |
| Misc. action | 523 |
| Select group | 499 |
| Right click | 342 |
| Select | 329 |
| Build/train/purchase | 67 |
| Assign group | 41 |
| Use ability | 32 |
| Item give/drop | 5 |